[Event "Team 45 45 League T40"]
[Site "Internet Chess Club"]
[Date "2009.02.19"]
[Round "4"]
[White "Prop"]
[Black "smsxman"]
[Result "0-1"]
[WhiteElo "1357"]
[BlackElo "1504"]
[Opening "Bishop's opening"]
[ECO "C23"]
[Time "13:05:25"]
[TimeControl "2700+45"]

1. e4 e5 2. Bc4 Be7 3. Qh5 Nh6 4. Qxe5 O-O 5. Nf3 Nc6 6. Qc3 Re8 7. a3 Bf6 8.
Qd3 Ng4 9. O-O Nge5 10. Nxe5 Nxe5 11. Qb3 Nxc4 12. Qxc4 c6 13. d4 b5 14. Qd3 Qb6
15. Be3 d5 16. Nc3 Be6 17. e5 Be7 18. b4 a6 19. a4 Qc7 20. Rab1 Qc8 21. Ne2 Bf5
22. Qb3 bxa4 23. Qxa4 Bd7 24. c3 c5 25. Qa2 cxb4 26. cxb4 Qb7 27. Bd2 Bb5 28.
Rfe1 Bc4 29. Qb2 Qb5 30. Nf4 Rab8 31. Bc3 Qd7 32. e6 fxe6 33. Nxe6 Bd3 34. Rbd1
Be4 35. Nc5 Bxc5 36. dxc5 Qc6 37. Bxg7 Qg6 38. g3 Qxg7 39. Qxg7+ Kxg7 40. Ra1
Bd3 41. Rxe8 Rxe8 42. Rd1 Bc4 43. Kg2 Rb8 44. Rb1 a5 45. c6 Rxb4 46. c7 Ba6 47.
Re1 Rc4 48. Re7+ Kg8 49. Rd7 Bb7 50. f4 d4+ 51. Kh3 Bc8 52. f5 Bxd7 {White
resigns} 0-1

[Event "Team 45 45 League T40"]
[Site "Internet Chess Club"]
[Date "2009.02.21"]
[Round "4"]
[White "cobbler"]
[Black "BosqueVerde"]
[Result "0-1"]
[WhiteElo "1093"]
[BlackElo "1248"]
[Opening "Queen's pawn game"]
[ECO "D00"]
[Time "16:09:19"]
[TimeControl "2700+45"]

1. d4 d5 2. e3 c5 3. c3 e6 4. Bd3 Nf6 5. f4 Nc6 6. Nf3 cxd4 7. cxd4 Bd6 8. Nbd2
Bd7 9. O-O O-O 10. Qe1 h6 11. Ne5 Nb4 12. Bb1 Bb5 13. Rf3 Rc8 14. a3 Nc2 15.
Bxc2 Rxc2 16. Rh3 Bxe5 17. fxe5 Ng4 18. Qg3 Qg5 19. Nf3 Rxc1+ 20. Rxc1 Qxe3+ 21.
Kh1 Nf2+ 22. Kg1 Nxh3+ 23. Kh1 Qxc1+ 24. Ne1 Ng5 25. h4 Ne4 {White resigns} 0-1

[Event "Team 45 45 League T40"]
[Site "Internet Chess Club"]
[Date "2009.02.23"]
[Round "4"]
[White "WzeroMN"]
[Black "KingOfHearts"]
[Result "1-0"]
[WhiteElo "1230"]
[BlackElo "1249"]
[Opening "Ruy Lopez: open, 7.Bb3"]
[ECO "C80"]
[Time "19:00:06"]
[TimeControl "2700+45"]

1. e4 e5 2. Nf3 Nc6 3. Bb5 a6 4. Ba4 Nf6 5. O-O Nxe4 6. d4 b5 7. Bb3 exd4 8. Re1
d5 9. Nxd4 Nxd4 10. Qxd4 Bb7 11. f3 Bc5 12. Qxc5 Qd6 13. Qxd6 cxd6 14. fxe4 O-O
15. exd5 Rfe8 16. Bd2 Rec8 17. Nc3 f5 18. Bf4 Rd8 19. Re6 a5 20. Rxd6 a4 21.
Rxd8+ Rxd8 22. Bxa4 bxa4 23. Rd1 h6 24. d6 g5 25. Be5 Bc6 26. a3 f4 27. Kf2 h5
28. b4 h4 29. b5 Bd7 30. Rb1 Re8 31. Re1 Kf7 32. Nxa4 Bxb5 33. Nb6 Kg6 34. g3
fxg3+ 35. hxg3 h3 36. Kg1 Kh5 37. Kh2 Kg4 38. a4 Rf8 39. Re4+ Kf3 40. Re1 g4 41.
Rf1+ Bxf1 42. d7 Rd8 43. Bf6 Rxd7 44. Nxd7 Ke4 45. Ne5 Kf5 46. Bh8 Be2 47. c4
Ke6 48. a5 Kd6 49. a6 Kc7 50. a7 Kb7 51. c5 Kxa7 52. c6 Kb8 53. Nd7+ Kc7 54. Ne5
Kd6 55. Bg7 Kc7 56. Bf8 Bd1 57. Bb4 Be2 58. Ba5+ Kc8 59. Nd7 Bf3 60. Nb6+ Kb8
61. Nd7+ Kc8 62. Ne5 Kb8 63. Bb6 Kc8 64. Nxf3 gxf3 65. Kxh3 f2 66. Bxf2 Kc7 67.
Kh4 Kxc6 68. g4 Kd7 69. Kh5 Ke7 70. Kh6 Kf7 71. Bd4 Kg8 72. g5 Kf7 73. Kh7 Kf8
74. g6 {Black resigns} 1-0

[Event "Team 45 45 League T40"]
[Site "Internet Chess Club"]
[Date "2009.02.22"]
[Round "4"]
[White "Portola"]
[Black "ShanghaiTom"]
[Result "1-0"]
[WhiteElo "1752"]
[BlackElo "1710"]
[Opening "Old Benoni defense"]
[ECO "A43"]
[Time "00:06:26"]
[TimeControl "2700+45"]

1. d4 c5 2. Nf3 Nf6 3. Bg5 Ne4 4. Bf4 Qa5+ 5. c3 d6 6. Nbd2 Nxd2 7. Qxd2 Bg4 8.
e3 Bxf3 9. gxf3 cxd4 10. exd4 Qh5 11. Bg2 e6 12. O-O d5 13. Rac1 Nc6 14. c4 dxc4
15. Rxc4 Be7 16. Bg3 O-O 17. Rfc1 Bf6 18. f4 Rfd8 19. Bxc6 bxc6 20. Rxc6 Rxd4
21. Qxd4 {Black resigns} 1-0

[Event "Team 45 45 League T40"]
[Site "Internet Chess Club"]
[Date "2009.02.21"]
[Round "4"]
[White "clarinetref"]
[Black "lisof"]
[Result "0-1"]
[WhiteElo "1648"]
[BlackElo "1858"]
[Opening "Réti: advance variation"]
[ECO "A09"]
[Time "19:42:02"]
[TimeControl "2700+45"]

1. Nf3 d5 2. c4 d4 3. b4 f6 4. d3 e5 5. a3 c5 6. bxc5 Bxc5 7. e3 Nc6 8. exd4
Nxd4 9. Bd2 Ne7 10. Nxd4 Qxd4 11. Be3 Qxa1 12. Bxc5 b6 13. Bb4 Qd4 14. Qf3 Rb8
15. Bc3 Qd7 16. Qh5+ g6 17. Qh4 O-O 18. Be2 Nf5 19. Qh3 Nd4 20. Qg3 Nxe2 21.
Kxe2 Rd8 22. h3 Qa4 23. Rc1 Bf5 24. Rd1 Qc2+ 25. Rd2 Qxb1 26. d4 exd4 27. Bxd4
Re8+ 28. Be3 Rbd8 29. Rxd8 Rxd8 {White resigns} 0-1

[Event "Team 45 45 League T40"]
[Site "Internet Chess Club"]
[Date "2009.02.22"]
[Round "4"]
[White "Emrebey"]
[Black "jazzyrick"]
[Result "1-0"]
[WhiteElo "1598"]
[BlackElo "1491"]
[Opening "Sicilian: Najdorf"]
[ECO "B90"]
[Time "15:18:38"]
[TimeControl "2700+45"]

1. e4 c5 2. Nf3 d6 3. d4 cxd4 4. Nxd4 Nf6 5. Nc3 a6 6. f3 e6 7. Be3 Be7 8. Qd2
b5 9. a3 Qc7 10. g4 h6 11. Bd3 Bb7 12. O-O-O Nc6 13. Bxb5 axb5 14. Ndxb5 Qb8 15.
Bb6 O-O 16. Bc7 Qc8 17. Bxd6 Rd8 18. Qf4 Bxd6 19. Nxd6 Qc7 20. Ncb5 Qb8 21. e5
Nd5 22. Qxf7+ Kh7 23. g5 Nxe5 24. g6+ Nxg6 25. Qxb7 Qxb7 26. Nxb7 Rf8 27. Rhe1
Ndf4 28. Nd4 e5 29. Nc6 Rae8 30. Nc5 Rf6 31. Nb4 Ng2 32. Re2 N2h4 33. a4 Rxf3
34. a5 Nf4 35. Red2 e4 36. Nxe4 Rxe4 37. c3 Ne2+ 38. Kc2 Rf8 39. a6 Nf3 40. Rd8
Ree8 41. Nc6 Ne5 42. a7 Nxc6 43. a8=Q Nxd8 44. Rxd8 Rxd8 45. Qe4+ Kh8 46. Qxe2
Rf6 47. b4 Rdf8 48. Kb3 Rf2 49. Qe5 R2f5 50. Qd4 Rf4 51. Qa7 R4f7 52. Qa4 g5 53.
b5 h5 54. c4 Rf4 55. b6 Rb8 56. Qa7 Rf3+ 57. Kb4 Rff8 58. c5 Ra8 59. Qc7 Rf4+
60. Kb5 Raa4 61. Qe5+ Kh7 62. Qb2 g4 63. b7 {Black resigns} 1-0

[Event "Team 45 45 League T40"]
[Site "Internet Chess Club"]
[Date "2009.02.19"]
[Round "4"]
[White "jrichman38"]
[Black "g8wrb"]
[Result "0-1"]
[WhiteElo "1438"]
[BlackElo "1554"]
[Opening "Queen's pawn game, Darooha variation "]
[ECO "D02"]
[Time "14:00:06"]
[TimeControl "2700+45"]

1. Nf3 Nf6 2. d4 d5 3. c4 Nc6 4. cxd5 Nxd5 5. e4 Nf6 6. Nc3 Bg4 7. Be3 e6 8. Be2
Bb4 9. h3 Bh5 10. e5 Nd5 11. Rc1 Nxe3 12. fxe3 O-O 13. O-O Ne7 14. a3 Bxc3 15.
bxc3 Nd5 16. Qd2 Qe7 17. c4 Nb6 18. Qc3 Rad8 19. Qb4 Qxb4 20. axb4 c6 21. Rf2 h6
22. b5 cxb5 23. cxb5 Rc8 24. Rxc8 Rxc8 25. Nd2 Bxe2 26. Rxe2 Rc2 27. Rf2 Kf8 28.
Ne4 Rc7 29. Nd6 Nd5 30. e4 Nb4 31. Rb2 Nd3 32. Rb3 Nc1 33. Rb4 Nd3 34. Rc4 Rxc4
35. Nxc4 Ke7 36. Nd6 b6 37. Nc8+ Kd7 38. Nxa7 Nb4 39. Kf2 Kc7 40. Ke3 Kb7 41.
Nc6 Nxc6 42. bxc6+ Kxc6 43. Kd3 Kb5 44. d5 exd5 45. exd5 Kc5 46. Ke4 b5 47. e6
fxe6 48. dxe6 Kd6 49. e7 Kxe7 50. Kd5 Kf6 51. Kc5 Kf5 52. Kxb5 Kf4 53. Kc5 Kg3
54. Kd5 g5 55. Ke4 Kxg2 56. Ke3 Kxh3 57. Kf2 h5 58. Kg1 Kg3 59. Kh1 Kf3 60. Kg1
g4 61. Kh1 h4 62. Kg1 g3 63. Kf1 h3 64. Kg1 h2+ 65. Kh1 g2+ 66. Kxh2 Kf2 67. Kh3
g1=Q 68. Kh4 Qg6 69. Kh3 Qg3# {White checkmated} 0-1

[Event "Team 45 45 League T40"]
[Site "Internet Chess Club"]
[Date "2009.02.21"]
[Round "4"]
[White "allanchs"]
[Black "rubo"]
[Result "0-1"]
[WhiteElo "1534"]
[BlackElo "1751"]
[Opening "Caro-Kann: classical variation"]
[ECO "B18"]
[Time "13:00:13"]
[TimeControl "2700+45"]

1. e4 c6 2. d4 d5 3. Nc3 dxe4 4. Nxe4 Bf5 5. Ng3 Bg6 6. Nf3 Nd7 7. Bd3 Qc7 8.
O-O Ngf6 9. Re1 e6 10. Ne4 Nxe4 11. Bxe4 Bd6 12. Bd3 O-O-O 13. Be3 Kb8 14. a4
Nf6 15. Bg5 Bh5 16. h3 Rd7 17. Qe2 Nd5 18. Qe4 Bg6 19. Qe2 Nf4 20. Bxf4 Bxf4 21.
Bxg6 hxg6 22. c3 Rd5 23. Ne5 Bxe5 24. dxe5 Rhd8 25. Rad1 Rxd1 26. Rxd1 Kc8 27.
f4 Qb6+ 28. Kf1 Rxd1+ 29. Qxd1 Qxb2 30. Qd6 Qc1+ 31. Kf2 Qxf4+ 32. Kg1 Qxa4 33.
Qf8+ Kc7 34. Qxf7+ Kb6 35. Qxe6 Qa1+ 36. Kh2 Qxc3 37. Qd6 Qc5 38. Qd8+ Ka6 39.
Qd3+ b5 40. Qe4 Kb6 41. e6 Qe7 42. Qxg6 Kc7 {White resigns} 0-1

[Event "Team 45 45 League T40"]
[Site "Internet Chess Club"]
[Date "2009.02.21"]
[Round "4"]
[White "Rhel"]
[Black "rayngrant"]
[Result "1-0"]
[WhiteElo "1601"]
[BlackElo "1519"]
[Opening "Grünfeld: exchange variation"]
[ECO "D85"]
[Time "07:24:25"]
[TimeControl "2700+45"]

1. d4 Nf6 2. c4 g6 3. Nc3 d5 4. cxd5 Nxd5 5. e4 Nxc3 6. bxc3 Bg7 7. Be3 O-O 8.
Nf3 c5 9. Be2 Nc6 10. Qd2 cxd4 11. cxd4 Bg4 12. Rd1 Qa5 13. Qxa5 Nxa5 14. O-O
Bxf3 15. Bxf3 Nc4 16. Bg5 e6 17. e5 Rab8 18. Rc1 b5 19. Rfe1 h6 20. Be7 Rfc8 21.
Bc5 a6 22. Ba7 Bf8 23. Bxb8 Rxb8 24. d5 Bb4 25. Red1 Nxe5 26. dxe6 Nxf3+ 27.
gxf3 fxe6 28. Rc6 a5 29. Rxe6 {Black resigns} 1-0

[Event "Team 45 45 League T40"]
[Site "Internet Chess Club"]
[Date "2009.02.23"]
[Round "4"]
[White "Just-Jim"]
[Black "Concordborn"]
[Result "0-1"]
[WhiteElo "1387"]
[BlackElo "1444"]
[Opening "Sicilian defense"]
[ECO "B20"]
[Time "18:03:08"]
[TimeControl "2700+45"]

1. e4 c5 2. Bc4 Nc6 3. Nf3 e6 4. a3 d6 5. Nc3 Nf6 6. Bb5 Bd7 7. d3 a6 8. Bxc6
Bxc6 9. O-O Be7 10. Re1 O-O 11. d4 cxd4 12. Nxd4 d5 13. exd5 Nxd5 14. Nxc6 bxc6
15. Nxd5 Qxd5 16. Qxd5 cxd5 17. Be3 Rfc8 18. c3 Rab8 19. Rab1 Rb3 20. g3 Rcb8
21. Bf4 R8b7 22. c4 dxc4 23. Rec1 c3 24. Be5 f6 25. Bxc3 Bxa3 26. Bd4 Bxb2 27.
Bxb2 Rxb2 28. Rc8+ Kf7 29. Rbc1 a5 30. R8c7+ Rxc7 31. Rxc7+ Kg6 32. Ra7 Rb5 33.
Kg2 h5 34. h4 f5 35. f4 Kf6 36. Kf3 Rb3+ 37. Kg2 Rb2+ 38. Kf3 Ra2 39. Ra8 a4 40.
Ke3 g6 41. Rf8+ Ke7 42. Ra8 a3 43. Kd4 Rg2 44. Ke5 Rxg3 45. Ra7+ Kf8 46. Kf6 Ke8
47. Kxe6 Kd8 48. Kd6 Rd3+ 49. Kc6 Rd4 50. Ra8+ Ke7 51. Rxa3 Rxf4 52. Re3+ Kf6
53. Kd6 Re4 54. Rh3 g5 55. hxg5+ Kxg5 56. Rg3+ Kf4 57. Rh3 Kg4 58. Rh1 h4 59.
Rg1+ Kf3 60. Rf1+ Kg4 61. Rg1+ Kh5 62. Kd5 h3 63. Rg8 Re1 64. Rh8+ Kg4 65. Rg8+
Kf3 66. Rg5 f4 67. Rh5 Kg2 68. Rg5+ Kf2 69. Rh5 Re3 70. Rh4 Kg3 71. Rh6 h2
{White resigns} 0-1

[Event "Team 45 45 League T40"]
[Site "Internet Chess Club"]
[Date "2009.02.19"]
[Round "4"]
[White "playwaycool"]
[Black "Despair"]
[Result "1/2-1/2"]
[WhiteElo "2098"]
[BlackElo "1901"]
[Opening "Czech Benoni: King's Indian system"]
[ECO "A44"]
[Time "18:00:09"]
[TimeControl "2700+45"]

1. d4 c5 2. d5 e5 3. c4 d6 4. Nc3 Nf6 5. e4 g6 6. g3 Bg7 7. Bg2 O-O 8. Nge2 Bg4
9. h3 Bxe2 10. Qxe2 Nbd7 11. O-O a6 12. Kh2 Re8 13. Be3 Qc7 14. f4 exf4 15. gxf4
Qa5 16. Rae1 Rab8 17. Bd2 b5 18. Nxb5 Qb6 19. Nc3 Qxb2 20. Rb1 Qa3 21. Rxb8 Rxb8
22. e5 Nh5 23. e6 Bxc3 24. exd7 Bxd2 25. Qe8+ Rxe8 26. dxe8=Q+ Kg7 27. Bf3 Bxf4+
28. Kg2 Qxa2+ 29. Qe2 Qxe2+ 30. Bxe2 Ng3 31. Rxf4 Nxe2 32. Rf2 Nc3 33. Kf3 f5
34. Rb2 Kf6 35. Rb8 Kg5 36. Rb6 Ne4 37. Rb2 a5 38. Ra2 h5 39. Rg2+ Kf6 40. h4
Ke5 41. Ke3 f4+ 42. Kf3 Kf5 43. Re2 g5 44. hxg5 Nxg5+ 45. Kf2 Nf7 46. Ra2 h4 47.
Rxa5 Ne5 48. Ra8 Nxc4 49. Rh8 Kg4 50. Rg8+ Kf5 51. Kf3 Ne5+ 52. Kf2 f3 53. Rd8
c4 54. Rxd6 c3 55. Rd8 c2 56. Rc8 Nd3+ 57. Kxf3 c1=Q 58. Rxc1 Nxc1 59. d6 Ke6
{Game drawn by mutual agreement} 1/2-1/2

[Event "Team 45 45 League T40"]
[Site "Internet Chess Club"]
[Date "2009.02.20"]
[Round "4"]
[White "ThatsWatSheSaid"]
[Black "carokantor"]
[Result "0-1"]
[WhiteElo "1661"]
[BlackElo "1954"]
[Opening "Queen's pawn game"]
[ECO "A45"]
[Time "20:11:40"]
[TimeControl "2700+45"]

1. d4 Nf6 2. e3 d6 3. Bd3 Nbd7 4. Nf3 e5 5. Nbd2 b6 6. c3 Bb7 7. Qc2 c5 8. dxe5
Nxe5 9. Nxe5 dxe5 10. Bb5+ Nd7 11. Nc4 f6 12. O-O Qc7 13. Rd1 Bc6 14. a4 Be7 15.
Qb3 Rd8 16. Bxc6 Qxc6 17. Qb5 Nb8 18. Rxd8+ Kxd8 19. Qxc6 Nxc6 20. b3 Kc7 21.
Kf1 f5 22. Na3 a6 23. Nc4 e4 24. Ra2 Rd8 25. Rd2 Rxd2 26. Bxd2 b5 27. axb5 axb5
28. Na3 Kb6 29. Nc2 Na5 30. b4 Nc4 31. Be1 Kc6 32. Ke2 Kd5 33. bxc5 Bxc5 34.
Nb4+ Bxb4 35. cxb4 Nb6 36. Kd2 Kc4 37. Kc2 Nd5 38. Bd2 Nxb4+ 39. Bxb4 Kxb4 40.
Kb2 Kc4 41. Kc2 g6 42. h4 b4 43. f3 b3+ 44. Kb2 Kd3 45. Kxb3 Kxe3 46. fxe4 fxe4
{White resigns} 0-1

[Event "Team 45 45 League T40"]
[Site "Internet Chess Club"]
[Date "2009.02.22"]
[Round "4"]
[White "Gunsmoke"]
[Black "RyanRipley"]
[Result "0-1"]
[WhiteElo "1542"]
[BlackElo "1671"]
[Opening "Giuoco Piano: four knights variation"]
[ECO "C25"]
[Time "21:55:49"]
[TimeControl "2700+45"]

1. e4 e5 2. Nc3 Nc6 3. Bc4 Bc5 4. Nf3 Nf6 5. a3 O-O 6. d3 h6 7. h3 a6 8. O-O b5
9. Bd5 Nxd5 10. exd5 Ne7 11. Nxe5 Bb7 12. Qg4 Kh8 13. Qxd7 Nxd5 14. Nxf7+ Rxf7
15. Qxf7 Nxc3 16. bxc3 Qd6 17. Bf4 Qc6 {White resigns} 0-1

[Event "Team 45 45 League T40"]
[Site "Internet Chess Club"]
[Date "2009.02.22"]
[Round "4"]
[White "quotha"]
[Black "dkinla"]
[Result "0-1"]
[WhiteElo "1669"]
[BlackElo "1617"]
[Opening "French defense"]
[ECO "C00"]
[Time "17:48:53"]
[TimeControl "2700+45"]

1. e4 e6 2. Nf3 d5 3. exd5 exd5 4. d4 Bd6 5. Bg5 f6 6. Be3 Ne7 7. c4 c6 8. Nc3
Bf5 9. cxd5 Nxd5 10. Nxd5 cxd5 11. Qb3 b6 12. Nh4 Be6 13. Rc1 O-O 14. Bd3 Qd7
15. Bb5 Qd8 16. O-O a6 17. Bc6 Nxc6 18. Rxc6 b5 19. Nf5 Bxf5 20. Qxd5+ Kh8 21.
Rxd6 Qe7 22. h3 Rfe8 23. Rb6 Be4 24. Qd6 a5 25. Rc1 b4 26. Qxe7 Rxe7 27. Rc5 Rd7
28. f3 Bd5 29. a3 bxa3 30. bxa3 a4 31. Kf2 Kg8 32. Rcb5 Kf8 33. Ke2 Bc4+ 34. Kd2
Bxb5 35. Rxb5 Kf7 36. Kc3 Kg6 37. d5 Kf5 38. Kd4 Raa7 39. g4+ Kg6 40. Bf4 Rab7
41. Rxb7 Rxb7 42. Bd6 Kg5 43. Bg3 Kg6 44. Bd6 Kf7 45. h4 Ke8 46. Bb4 Kd7 47. f4
g6 48. Kc5 f5 49. gxf5 gxf5 50. Kd4 Rb5 51. Bc5 Rb1 52. Ke5 Rh1 53. Kxf5 Rxh4
54. Kg5 Rh1 55. f5 Rf1 56. f6 h6+ 57. Kg6 h5 58. Kxh5 Rxf6 59. Kg5 Rf1 60. Kg4
Rd1 61. Kf3 Rxd5 62. Bb4 Kc6 63. Ke4 Rd1 64. Ke3 Kb5 65. Ke2 Rd7 66. Ke3 Kc4 67.
Ke4 Kb3 68. Ke5 Rd1 69. Ke4 Ra1 70. Bd6 Rxa3 71. Kd3 Ra2 {White resigns} 0-1

[Event "Team 45 45 League T40"]
[Site "Internet Chess Club"]
[Date "2009.02.23"]
[Round "4"]
[White "CalyDeArgentina"]
[Black "Klampin"]
[Result "0-1"]
[WhiteElo "1814"]
[BlackElo "2041"]
[Opening "QGD Slav: 4.e3"]
[ECO "D11"]
[Time "13:30:23"]
[TimeControl "2700+45"]

1. d4 d5 2. c4 c6 3. Nf3 Nf6 4. e3 Bg4 5. Nbd2 e6 6. Be2 Nbd7 7. O-O Bd6 8. b3
O-O 9. Bb2 Qe7 10. Ne5 Bxe2 11. Qxe2 Bc7 12. f4 Rad8 13. Rac1 Ne4 14. cxd5 exd5
15. Nxe4 dxe4 16. Nc4 Qe6 17. Qc2 f5 18. Qc3 Nf6 19. Rfd1 Nd5 20. Qe1 Qh6 21.
Ne5 Rde8 22. Kh1 Rf6 23. Qf2 g5 24. g3 Re7 25. Rg1 Rg7 26. a3 Qh3 27. Rce1 Rh6
28. b4 a5 29. bxa5 Bxa5 30. Re2 Bb6 31. Ree1 Nf6 32. Bc3 Bc7 33. Qa2+ Nd5 34.
Bb4 gxf4 35. exf4 Bxe5 36. dxe5 Rhg6 37. Qf2 h5 38. Bc5 h4 39. gxh4 e3 40. Qe2
Rxg1+ 41. Rxg1 Rxg1+ 42. Kxg1 Nxf4 43. Qc4+ Nd5 44. Qe2 Qxh4 45. Qg2+ Qg4 46.
Qxg4+ fxg4 47. Kf1 Kf7 48. Ke2 Ke6 49. Bd6 b6 50. Kd3 c5 51. a4 Kf5 52. a5 bxa5
53. Bxc5 Kxe5 54. Bd4+ Kf4 55. Ke2 a4 56. Bc5 Ke4 57. Bd6 Nf4+ 58. Kd1 e2+ 59.
Kd2 Kf3 {White resigns} 0-1

[Event "Team 45 45 League T40"]
[Site "Internet Chess Club"]
[Date "2009.02.23"]
[Round "4"]
[White "superbeast"]
[Black "calily"]
[Result "1-0"]
[WhiteElo "1763"]
[BlackElo "1705"]
[Opening "English, 1...Nf6 (Anglo-Indian defense)"]
[ECO "A15"]
[Time "16:14:36"]
[TimeControl "2700+45"]

1. c4 Nf6 2. g3 d5 3. cxd5 Nxd5 4. Bg2 c6 5. Nc3 Nxc3 6. bxc3 e6 7. Rb1 Nd7 8.
Nf3 Be7 9. O-O O-O 10. d3 Qa5 11. Qc2 Bf6 12. c4 Ne5 13. Nxe5 Bxe5 14. Bd2 Qc7
15. Be3 b6 16. c5 Bb7 17. cxb6 axb6 18. Rxb6 Qd7 19. Rfb1 Rfb8 20. Bf4 Bxf4 21.
gxf4 Qc7 22. Qb3 h6 23. Bxc6 Qxf4 24. Bxb7 Qg4+ 25. Kf1 Qh3+ 26. Bg2 Rxb6 27.
Qxb6 Qxh2 28. Bxa8 {Black resigns} 1-0

[Event "Team 45 45 League T40"]
[Site "Internet Chess Club"]
[Date "2009.02.21"]
[Round "4"]
[White "alexcluster"]
[Black "nursey"]
[Result "1-0"]
[WhiteElo "1622"]
[BlackElo "1611"]
[Opening "Ruy Lopez: closed, 7...O-O"]
[ECO "C88"]
[Time "12:01:42"]
[TimeControl "2700+45"]

1. e4 e5 2. Nf3 Nc6 3. Bb5 a6 4. Ba4 Nf6 5. O-O Be7 6. Re1 b5 7. Bb3 O-O 8. h3
Bb7 9. c3 Na5 10. Bc2 Nc4 11. d3 Nd6 12. Nxe5 Re8 13. Nf3 Nc8 14. Nbd2 c5 15.
Nf1 d5 16. e5 Nd7 17. d4 a5 18. Qd3 g6 19. Qxb5 Rb8 20. Qd3 c4 21. Qd1 Qc7 22.
Bg5 Bxg5 23. Nxg5 f6 24. exf6 Nxf6 25. Rxe8+ Nxe8 26. Qe2 Ncd6 27. Qe6+ Kh8 28.
Qe5+ Kg8 29. Ne6 Qb6 30. b3 Rc8 31. Nc5 Nf7 32. Qe7 Bc6 33. Ne3 cxb3 34. Bxb3
Qc7 35. Qxc7 Nxc7 36. Re1 Nd6 37. Ng4 Kf8 38. Ne5 Re8 39. f3 Ba8 40. Kf2 Nb7 41.
Nxb7 Bxb7 42. Nd7+ Kf7 43. Rxe8 Kxe8 44. Nc5 Bc6 45. c4 a4 46. Nxa4 dxc4 47. Bc2
Ne6 48. Ke3 Ke7 49. Nb2 c3 50. Nd1 Kd6 51. Nxc3 Bd7 52. Ne4+ Kc6 53. Bb3 Kb5 54.
h4 Kb4 55. Nf6 Nf8 56. Nxd7 Nxd7 57. g4 Nf6 58. g5 Nd7 59. f4 Nf8 60. Ke4 Kb5
61. f5 gxf5+ 62. Kxf5 Ng6 63. h5 {Black resigns} 1-0

[Event "Team 45 45 League T40"]
[Site "Internet Chess Club"]
[Date "2009.02.22"]
[Round "4"]
[White "rayonline53"]
[Black "Juan73"]
[Result "0-1"]
[WhiteElo "1559"]
[BlackElo "1667"]
[Opening "King's gambit"]
[ECO "C30"]
[Time "08:09:17"]
[TimeControl "2700+45"]

1. e4 e5 2. f4 Nc6 3. Nf3 exf4 4. Bc4 Bc5 5. d4 Bb6 6. O-O d6 7. Bxf4 Be6 8.
Bxe6 fxe6 9. Kh1 Nf6 10. Nc3 a6 11. Qd2 h6 12. Rad1 Ba5 13. Qe2 g5 14. Bc1 Qe7
15. e5 dxe5 16. Nxe5 Rg8 17. Nxc6 bxc6 18. Qe5 Nd5 19. Ne4 Bb4 20. Nf6+ Nxf6 21.
Rxf6 Kd7 22. Rxh6 Raf8 23. d5 cxd5 24. c4 c6 25. cxd5 cxd5 26. Qd4 Bc5 27. Qa4+
Kc7 28. Qxa6 Rf2 29. Rxe6 Qd7 30. Rf6 Rxg2 31. Bd2 Rxh2+ 32. Kxh2 Rh8+ 33. Rh6
Bd6+ 34. Kg1 Qg4+ {White resigns} 0-1

[Event "Team 45 45 League T40"]
[Site "Internet Chess Club"]
[Date "2009.02.22"]
[Round "4"]
[White "tsia68"]
[Black "azbycx"]
[Result "0-1"]
[WhiteElo "1890"]
[BlackElo "1823"]
[Opening "Sicilian: closed"]
[ECO "B24"]
[Time "07:00:22"]
[TimeControl "2700+45"]

1. e4 c5 2. Nc3 Nc6 3. g3 g6 4. Bg2 Bg7 5. d3 e6 6. f4 Nge7 7. Nf3 O-O 8. Be3 b6
9. O-O d5 10. Bf2 d4 11. Ne2 Qc7 12. c3 dxc3 13. bxc3 Ba6 14. d4 Rad8 15. Re1
Bxe2 16. Rxe2 cxd4 17. cxd4 Rd7 18. Rd2 Rfd8 19. Rc1 Qd6 20. Qa4 Qb4 21. Qxb4
Nxb4 22. Ne5 Bxe5 23. fxe5 Nbc6 24. Rcd1 Nxe5 25. h3 N7c6 26. Kh1 Nc4 27. Rc2 b5
28. a4 a6 29. axb5 axb5 30. d5 exd5 31. exd5 Nb4 32. Rc3 Nxd5 33. Rcd3 Nb2 34.
Rxd5 Nxd1 35. Bb6 Rxd5 {White resigns} 0-1

[Event "Team 45 45 League T40"]
[Site "Internet Chess Club"]
[Date "2009.02.23"]
[Round "4"]
[White "SneakyRed"]
[Black "Portola"]
[Result "1-0"]
[WhiteElo "1941"]
[BlackElo "1750"]
[Opening "French: advance, Paulsen attack"]
[ECO "C02"]
[Time "08:45:32"]
[TimeControl "2700+45"]

1. e4 e6 2. d4 d5 3. e5 c5 4. c3 Nc6 5. Nf3 Qb6 6. a3 Nge7 7. dxc5 Qxc5 8. Be3
Qa5 9. Bd3 Ng6 10. Bxg6 fxg6 11. O-O Be7 12. Nbd2 O-O 13. Re1 Qc7 14. Bd4 Bd7
15. Rc1 Rad8 16. b4 Qb8 17. Qb3 b5 18. Qd1 a6 19. Nb3 Rf5 20. Qe2 Qa8 21. Nc5
Bxc5 22. Bxc5 Rc8 23. Qe3 Nd8 24. g4 Rf7 25. Ng5 Nb7 26. Nxf7 Kxf7 27. Qf4+ Kg8
28. Bd4 Rf8 29. Qg3 g5 30. Re3 Rf7 31. Rf3 Qf8 32. Rxf7 Qxf7 33. Re1 Qg6 34. Qe3
Be8 35. h3 h6 36. Qd2 Qh7 37. Kg2 Bg6 38. f3 Bd3 39. Kg3 Bc4 40. f4 gxf4+ 41.
Qxf4 Qd3+ 42. Re3 Qd1 43. Rf3 Be2 44. Qf7+ Kh7 45. Rf2 Nd8 46. Qf8 Nc6 47. Rf7
Qd3+ 48. Kf2 Qg6 49. Kxe2 Nxd4+ 50. cxd4 Qe4+ 51. Kf2 Qxd4+ 52. Kg2 Qxe5 53. Rd7
d4 54. Qf3 Kg8 55. Rd8+ Kh7 56. Qd3+ g6 57. Rd7+ Kh8 58. Qxd4 Qxd4 59. Rxd4
{Black resigns} 1-0

[Event "Team 45 45 League T40"]
[Site "Internet Chess Club"]
[Date "2009.02.21"]
[Round "4"]
[White "room-matt"]
[Black "Duguesclin"]
[Result "1-0"]
[WhiteElo "1792"]
[BlackElo "1624"]
[Opening "French: exchange variation"]
[ECO "C01"]
[Time "07:09:38"]
[TimeControl "2700+45"]

1. e4 e6 2. d4 d5 3. exd5 exd5 4. Nf3 Nf6 5. Bd3 Bg4 6. O-O Be7 7. h3 Bh5 8. Re1
O-O 9. Bg5 h6 10. Bf4 c5 11. dxc5 Bxc5 12. c3 Nc6 13. g4 Bg6 14. Bxg6 fxg6 15.
Be3 Qb6 16. Bxc5 Qxc5 17. Nbd2 Rae8 18. Qc2 g5 19. Qg6 Qb6 20. Kg2 Ne7 21. Qd3
Ne4 22. Nxe4 dxe4 23. Qxe4 Ng6 24. Qxe8 Rxe8 25. Rxe8+ Kf7 26. Re3 Nf4+ 27. Kg3
Qxb2 28. Rd1 Qb5 29. Ne5+ Kg8 30. Rd8+ Kh7 31. Nf7 Qf1 32. Rh8+ Kg6 33. Ne5+ Kf6
34. Rf8+ Ke6 35. Ng6+ Kd5 36. Nxf4+ gxf4+ 37. Rxf4 Qg1+ 38. Kf3 Qh1+ 39. Ke2 Qb1
40. a4 a6 41. Rd3+ Kc6 42. Rc4+ Kb6 43. Rb4+ Qxb4 44. cxb4 a5 45. b5 Kc5 46. Rd7
b6 47. Rxg7 {Black resigns} 1-0

[Event "Team 45 45 League T40"]
[Site "Internet Chess Club"]
[Date "2009.02.24"]
[Round "4"]
[White "Konstantinos"]
[Black "clarinetref"]
[Result "1/2-1/2"]
[WhiteElo "1705"]
[BlackElo "1616"]
[Opening "Modern defense"]
[ECO "A40"]
[Time "11:36:25"]
[TimeControl "2700+45"]

1. d4 g6 2. c4 Bg7 3. e3 d6 4. Nf3 Nf6 5. Nc3 b6 6. Be2 Bb7 7. O-O O-O 8. Re1
Nbd7 9. b3 Rc8 10. Bb2 e5 11. dxe5 dxe5 12. Qc2 Re8 13. Rad1 Qe7 14. h3 e4 15.
Nh2 Ne5 16. Rd2 Rcd8 17. Red1 Rxd2 18. Rxd2 Rd8 19. Qd1 Rxd2 20. Qxd2 Nfd7 21.
Nb5 Nc5 22. Nxa7 c6 23. Ba3 Qc7 24. b4 Ncd3 25. Qc2 Ba8 26. Qa4 Nxc4 27. Nb5 Qb7
28. Nd4 b5 29. Qb3 Qa7 30. Bxd3 exd3 31. Bc1 Bxd4 32. exd4 Qxd4 33. Nf3 Qd5 34.
Qc3 c5 35. bxc5 Qf5 36. a4 Bxf3 37. gxf3 d2 38. Bxd2 Nxd2 39. Qxd2 bxa4 40. Qe3
Qd7 41. Kg2 Kf8 42. Qc3 h5 43. c6 Qc7 44. Qa3+ Ke8 45. Qxa4 Ke7 46. Qc4 Kd6 47.
Kg3 g5 48. h4 f6 49. f4 g4 50. f3 gxf3 51. Kxf3 Qxc6+ 52. Qxc6+ Kxc6 53. Ke4 Kd6
54. Kf5 Ke7 55. Kg6 Ke6 56. f5+ Ke5 57. Kxh5 Kxf5 58. Kh6 Kg4 59. h5 f5 60. Kg6
f4 61. h6 f3 62. h7 f2 63. h8=Q f1=Q 64. Qh5+ Kg3 65. Qg5+ Kf2 66. Qf5+ Ke1 67.
Qxf1+ Kxf1 {Game drawn because neither player has mating material} 1/2-1/2

[Event "Team 45 45 League T40"]
[Site "Internet Chess Club"]
[Date "2009.02.22"]
[Round "4"]
[White "charles-allen"]
[Black "primerpaso"]
[Result "1-0"]
[WhiteElo "1882"]
[BlackElo "1764"]
[Opening "Sicilian"]
[ECO "B50"]
[Time "19:01:07"]
[TimeControl "2700+45"]

1. e4 c5 2. Nf3 d6 3. c3 Nf6 4. Bd3 Nc6 5. h3 e6 6. Bc2 Be7 7. O-O O-O 8. Re1 b6
9. d4 cxd4 10. Nxd4 Bb7 11. Nxc6 Bxc6 12. c4 b5 13. cxb5 Bxb5 14. Nc3 Ba6 15.
Bf4 Rc8 16. Qf3 d5 17. exd5 Nxd5 18. Rad1 Bb7 19. Nxd5 Bxd5 20. Qd3 g6 21. Bh6
Re8 22. Ba4 Bf8 23. Bxe8 Bxh6 24. Ba4 Qf6 25. Bb3 Qxb2 26. Bxd5 exd5 27. Qxd5
Rc2 28. Re8+ Kg7 29. Qd8 Rc1 30. Rg8# {Black checkmated} 1-0